 Dungeon Crawl Stone Soup version 0.30-a0-42-g806c11bf1d (webtiles) character file.

Game seed: 15950740941719891255

74089 Nattfarinn the Earth Mage (level 15, -23/89 HPs)
             Began as a Gargoyle Venom Mage on Aug 30, 2022.
             Was the Champion of Okawaru.
             Annihilated by a very large slime creature (49 damage)
             ... on level 12 of the Dungeon.
             The game lasted 01:10:41 (31047 turns).

Nattfarinn the Earth Mage (Gargoyle Venom Mage)    Turns: 31047, Time: 01:10:41

Health: -23/89     AC: 30    Str: 15    XL:     15   Next: 45%
Magic:  24/37      EV:  7    Int: 32    God:    Okawaru [******]
Gold:   721        SH:  5    Dex: 10    Spells: 21/32 levels left

rFire   . . .      SeeInvis .    r - +3 flail (vorpal)
rCold   + . .      Faith    .    R - +0 buckler
rNeg    + . .      Spirit   .    s - +0 chain mail "Efetytz" {rElec Int+6}
rPois   ∞          Reflect  .    E - +2 helmet {Int+3}
rElec   +          Harm     .    i - +2 cloak
rCorr   .          Rampage  .    U - +2 pair of gloves {Str+3}
Will    +....                    V - +2 pair of boots
Stlth   ..........               (no amulet)
HPRegen 0.24/turn                K - ring of wizardry
MPRegen 0.25/turn                A - ring of magical power

@: corroded, flying, studying Armour
A: sickness immunity, AC +11, big wings, negative energy resistance 1,
electricity resistance, torment resistance 1, petrification resistance, hooves
1, iridescent scales 1, cold resistance 1, subdued magic 1
a: Renounce Religion, Heroism, Finesse, Duel


You were on level 12 of the Dungeon.
You worshipped Okawaru.
Okawaru was exalted by your worship.
You visited 4 branches of the dungeon, and saw 20 of its levels.

You collected 2090 gold pieces.
You spent 1369 gold pieces at shops.

Inventory:

Hand Weapons
 h - the +7 falchion of Guilt {vorpal, Dex+7}
   (You found it on level 9 of the Dungeon)

   It inflicts extra damage upon your enemies.
   Dex:       It affects your dexterity (+7).
 r - a +3 vorpal flail (weapon)
 D - the +6 scimitar of Painted Guile {vorpal, Contam rElec rCorr Stlth+}
   (You found it on level 6 of the Dungeon)

   It inflicts extra damage upon your enemies.
   rElec:     It insulates you from electricity.
   Contam:    It causes magical contamination when unequipped.
   rCorr:     It protects you from acid and corrosion.
   Stlth:     It makes you more stealthy.
Armour
 i - a +2 cloak (worn)
 s - the +0 chain mail "Efetytz" (worn) {rElec Int+6}
   (Okawaru gifted it to you on level 5 of the Lair of Beasts)

   Int:       It affects your intelligence (+6).
   rElec:     It insulates you from electricity.
 B - the +1 robe of the Soft God {Dex+3}
   (You found it on level 5 of the Dungeon)

   Dex:       It affects your dexterity (+3).
 E - a +2 helmet of intelligence (worn)
 F - a +0 ring mail of willpower
 R - a +0 buckler (worn)
 U - a +2 pair of gloves of strength (worn)
 V - a +2 pair of boots (worn)
Jewellery
 A - a ring of magical power (right hand)
 K - a ring of wizardry (left hand)
 L - a ring of protection from fire
 P - a +6 ring of dexterity
 T - a ring of ice
Wands
 m - a wand of mindburst (11)
 p - a wand of roots (11)
 t - a wand of polymorph (17)
 y - a wand of flame (41)
 M - a wand of light (12)
Scrolls
 c - 3 scrolls of amnesia
 e - 2 scrolls of immolation
 f - 11 scrolls of teleportation
 g - 3 scrolls of poison
 k - a scroll of enchant weapon
 l - 5 scrolls of magic mapping
 o - 3 scrolls of butterflies
 v - a scroll of brand weapon
 C - 2 scrolls of torment
 J - a scroll of silence {unknown}
Potions
 a - a potion of invisibility
 d - 4 potions of curing
 j - a potion of mutation
 n - 3 potions of brilliance
 q - 2 potions of heal wounds {unknown}
 u - 2 potions of cancellation {unknown}
 w - 5 potions of attraction
 x - a potion of ambrosia {unknown}
 z - 4 potions of might {unknown}
 I - 2 potions of lignification {unknown}
 N - a potion of haste {unknown}
 O - a potion of degeneration {unknown}
 S - 2 potions of flight {unknown}
Miscellaneous
 G - a phantom mirror


   Skills:
 - Level 8.9 Fighting
 - Level 10.1 Maces & Flails
 + Level 9.9 Armour
 - Level 1.5 Dodging
 - Level 2.1 Stealth
 - Level 5.1 Shields
 - Level 9.0 Spellcasting
 - Level 10.2 Conjurations
 - Level 0.7 Transmutations
 - Level 16.8 Earth Magic
 - Level 10.7 Poison Magic


You had 21 spell levels left.
You knew the following spells:

 Your Spells              Type           Power      Damage    Failure   Level
a - Sting                 Tmut/Pois      100%       1d8       1%          1
b - Olgreb's Toxic Radia  Pois           59%        N/A       1%          4
c - Mephitic Cloud        Conj/Pois/Air  45%        N/A       2%          3
d - Stone Arrow           Conj/Erth      100%       3d13      1%          3

Your spell library contained the following spells:

 Spells                   Type           Power      Damage    Failure   Level
 Passwall                 Tmut/Erth      44%        N/A       1%          2
 Poisonous Vapours        Pois/Air       74%        N/A       2%          2
 Static Discharge         Conj/Air       72%        3-8/arc   3%          2
 Petrify                  Tmut/Erth      53%        N/A       4%          4
 Hailstorm                Conj/Ice       36%        3d9       22%         4
 Sticky Flame             Conj/Fire      36%        2d6       22%         4
 Ensorcelled Hibernation  Hex/Ice        22%        N/A       28%         2
 Irradiate                Conj/Tmut      19%        3d18      45%         5
 Swiftness                Air            11%        N/A       47%         3
 Ice Form                 Ice/Tmut       12%        N/A       83%         4
 Dispel Undead            Necr           11%        3d9       86%         4
 Orb of Destruction       Conj           28%        9d9       91%         7
 Lehudib's Crystal Spear  Conj/Erth      33%        10d9      99%         8
 Dispersal                Tloc           5%         N/A       100%        6
 Disjunction              Tloc           5%         N/A       100%        8
 Animate Armour           Summ/Erth      Unusable   N/A       N/A         4
 Sublimation of Blood     Necr           Unusable   N/A       N/A         2
 Summon Guardian Golem    Hex/Summ       Unusable   N/A       N/A         3
 Simulacrum               Ice/Necr       Unusable   N/A       N/A         6
 Spellforged Servitor     Conj/Summ      Unusable   N/A       N/A         7

Dungeon Overview and Level Annotations

Branches:
Dungeon (12/15)            Temple (1/1) D:6            Lair (5/5) D:10
  Swamp (0/4) Lair:2       Spider (0/4) Lair:3        Slime (0/5) Lair:5
    Orc (2/2) D:9             Elf (0/3) Orc:2

Altars:
Ashenzari
Cheibriados
Dithmenos
Elyvilon
Fedhas
Gozag
Makhleb
Nemelex Xobeh
Okawaru
Ru
Sif Muna
Trog
Wu Jian
Xom
The Shining One

Shops:
Orc:2 =[*:

Annotations:
Lair:1 3 runed translucent doors, Kinoniko's ghost, journeyman DrBe


Innate Abilities, Weirdness & Mutations

You are immune to sickness and miasma.
Your stone body is resilient. (AC +11)
You are immune to poison.
Your large and strong wings let you fly.
You resist negative energy. (rN+)
You are resistant to electric shocks. (rElec)
You are resistant to unholy torment.
You are immune to petrification.
You have large cloven feet.
You are partially covered in iridescent scales. (AC +2)
Your flesh is cold resistant. (rC+)
Your spells are a little easier to cast, but a little less powerful.


Message History

The howler monkey closely misses you.
You hit the howler monkey but do no damage.
The howler monkey is severely wounded.
The howler monkey barely misses you. The slime creature closely misses you.
The howler monkey hits you but does no damage.
The stone arrow hits the howler monkey!
You kill the howler monkey!
Okawaru accepts your kill.
The slime creature hits you but does no damage. x2
The acid dragon bites you. You block the acid dragon's attack.
The stone arrow hits the slime creature!!
The slime creature is heavily wounded.
The slime creature hits you but does no damage.
Two slime creatures merge to form a large slime creature.
Two slime creatures merge to form a very large slime creature.
The acid dragon bites you. The acid dragon closely misses you.
The stone arrow hits the very large slime creature!!
The very large slime creature is moderately wounded.
The slime creature hits you.
The very large slime creature hits you!!!
The acid dragon bites you.
The acid dragon claws you but does no damage.
The very large slime creature attacks as you move away!
The very large slime creature closely misses you.
The acid dragon attacks as you move away!
The acid dragon barely misses you.
The acid dragon claws you but does no damage.
The very large slime creature attacks as you move away!
The very large slime creature hits you!
* * * LOW HITPOINT WARNING * * *
The slime creature attacks as you move away!
The slime creature hits you but does no damage.
The acid dragon attacks as you move away!
The acid dragon bites you but does no damage.
The acid dragon claws you but does no damage.
Okay, then.
The very large slime creature attacks as you move away!
The very large slime creature hits you!!!
Ouch! That really hurt!
You die...

..### ..... #♣♣♣
...... #..♣
♣♣♣♣♣♣♣♣###### ......
#.. #.............
......# #.#
#.#..#########
.......##.## #.#.#.##
.#.......J.###..###.#
.........J@..>...#.##
#.#.#.†..D.###..#.##
##..........#.#
#..#.###.#.#.# #..#.#
#.#.#.####
#..#.###........#####
#..#.#..............##
............###.......
.. ..#.#.........##.##


You could see a very large slime creature, a slime creature and an acid dragon.

Vanquished Creatures
  Gastronok (Lair:1)
  Josephine (Lair:3)
  An ettin (Orc:1)
  Fannar (Lair:1)
  7 hydras
  4 catoblepae
  2 two-headed ogres (D:9)
  24 death yaks
  3 orc high priests (Orc:2)
  5 lindwurms
  An oklob plant (Lair:4)
  Pikel (D:8)
  5 orc knights
  2 cyclopes (D:11)
  6 orc sorcerers
  3 manticores
  16 elephants
  Joseph (D:8)
  5 black mambas
  Maggie (Lair:2)
  11 cane toads
  10 komodo dragons
  An unseen horror (D:12)
  3 rime drakes
  Prince Ribbit (D:8)
  3 trolls
  5 polar bears
  12 blink frogs
  4 dream sheep
  Sigmund (D:3)
  2 wyverns
  5 wraiths
  31 yaks
  7 basilisks
  A steam dragon (Lair:2)
  A warg (D:9)
  Edmund (D:4)
  3 acid dragons
  16 water moccasins
  Duvessa (D:7)
  2 sky beasts
  3 black bears (Lair:1)
  25 orc warriors
  An ice beast (D:5)
  4 ogres
  18 wolves
  5 centaurs
  A lemure (D:8)
  4 kobold brigands
  10 bullfrogs
  4 necrophages
  8 scorpions
  16 wights
  Dowan (D:7)
  18 killer bees
  5 howler monkeys
  3 hounds
  24 orc priests
  A gnoll bouda (D:7)
  5 iguanas
  Jessica (D:3)
  25 orc wizards
  4 gnolls (D:7)
  11 adders
  2 shadow imps
  2 ufetubi
  8 worms
  2 dart slugs
  72 orcs
  6 ball pythons
  6 bats
  7 endoplasms
  19 giant cockroaches
  9 goblins
  9 hobgoblins
  3 jackals (D:4)
  5 quokkas
  7 frilled lizards
  23 kobolds
  6 rats
594 creatures vanquished.

Vanquished Creatures (others)
  A bush (Lair:5)
  24 fungi
  66 plants
91 creatures vanquished.

Grand Total: 685 creatures vanquished

Notes
Turn   | Place    | Note
-------+----------+-------------------------------------------
     0 | D:1      | Nattfarinn the Gargoyle Venom Mage began the quest for the
                  | Orb.
     0 | D:1      | Reached XP level 1. HP: 10/10 MP: 3/3
   504 | D:1      | Reached XP level 2. HP: 15/15 MP: 0/5
  1509 | D:2      | Reached XP level 3. HP: 3/19 MP: 0/6
  2759 | D:2      | Reached XP level 4. HP: 24/24 MP: 2/7
  2857 | D:2      | Learned a level 4 spell: Olgreb's Toxic Radiance
  3323 | D:3      | Noticed Sigmund
  3324 | D:3      | Reached skill level 5 in Poison Magic
  3684 | D:3      | Noticed Jessica
  3692 | D:3      | Killed Jessica
  3693 | D:3      | Reached XP level 5. HP: 28/28 MP: 2/8
  3765 | D:2      | Learned a level 3 spell: Mephitic Cloud
  4247 | D:3      | Killed Sigmund
  4248 | D:3      | Reached XP level 6. HP: 32/32 MP: 5/9
  4896 | D:4      | Noticed Edmund
  4912 | D:4      | Killed Edmund
  4913 | D:4      | Reached skill level 1 in Armour
  4913 | D:4      | Reached XP level 7. HP: 26/40 MP: 3/10
  6176 | D:4      | Found a sparkling altar of Nemelex Xobeh.
  6250 | D:5      | Entered Level 5 of the Dungeon
  6983 | D:5      | Reached XP level 8. HP: 41/48 MP: 11/13
  7128 | D:5      | Identified the +1 robe of the Soft God {Dex+3}
  7241 | D:5      | Reached skill level 5 in Fighting
  7324 | D:5      | Found a snail-covered altar of Cheibriados.
  7324 | D:5      | Found a sacrificial altar of Ru.
  7330 | D:5      | Found an ornate altar of the Wu Jian Council.
  7332 | D:5      | Found a white marble altar of Elyvilon.
  7334 | D:5      | Found a blossoming altar of Fedhas.
  7603 | D:6      | Identified the +6 scimitar of Painted Guile {vorpal, Contam
                  | rElec rCorr Stlth+}
  7701 | D:6      | Reached XP level 9. HP: 13/56 MP: 7/15
  7944 | D:6      | Found a staircase to the Ecumenical Temple.
  8133 | Temple   | Entered the Ecumenical Temple
  8138 | Temple   | Became a worshipper of Warmaster Okawaru
  8537 | D:7      | Reached skill level 5 in Armour
  8612 | D:7      | Reached skill level 5 in Spellcasting
  8853 | D:7      | Noticed Duvessa
  8854 | D:7      | Reached * piety under Okawaru
  8856 | D:7      | Noticed Dowan
  8865 | D:7      | Gained mutation: You sometimes lose your temper in combat.
                  | [potion of mutation]
  8865 | D:7      | Gained mutation: You are partially covered in iridescent
                  | scales. (AC +2) [potion of mutation]
  8865 | D:7      | Gained mutation: You have sharp fingernails. [potion of
                  | mutation]
  8868 | D:7      | Lost mutation: You are partially covered in iridescent
                  | scales. (AC +2) [potion of mutation]
  8868 | D:7      | Lost mutation: You sometimes lose your temper in combat.
                  | [potion of mutation]
  8868 | D:7      | Gained mutation: You are frail. (-10% HP) [potion of
                  | mutation]
  8868 | D:7      | Gained mutation: You are dopey. (Int -2) [potion of
                  | mutation]
  8869 | D:7      | Lost mutation: You are frail. (-10% HP) [potion of
                  | mutation]
  8869 | D:7      | Lost mutation: You have sharp fingernails. [potion of
                  | mutation]
  8869 | D:7      | Lost mutation: You are dopey. (Int -2) [potion of mutation]
  8869 | D:7      | Gained mutation: Your spells are a little easier to cast,
                  | but a little less powerful. [potion of mutation]
  8869 | D:7      | Gained mutation: You have large cloven feet. [potion of
                  | mutation]
  8869 | D:7      | Gained mutation: You are partially covered in iridescent
                  | scales. (AC +2) [potion of mutation]
  8869 | D:7      | Gained mutation: Your flesh is cold resistant. (rC+)
                  | [potion of mutation]
  8872 | D:7      | Killed Duvessa
  8872 | D:7      | Killed Dowan
  9415 | D:7      | HP: 2/60 [wight/+5 great sword (8)]
  9736 | D:7      | Learned a level 3 spell: Stone Arrow
  9840 | D:7      | Reached skill level 1 in Earth Magic
  9895 | D:7      | Reached skill level 2 in Earth Magic
 10046 | D:8      | Noticed Pikel
 10046 | D:8      | Noticed Prince Ribbit
 10056 | D:8      | Killed Pikel
 10056 | D:8      | Reached ** piety under Okawaru
 10057 | D:8      | Reached skill level 5 in Earth Magic
 10057 | D:8      | Reached XP level 10. HP: 47/65 MP: 2/18
 10161 | D:8      | Killed Prince Ribbit
 10162 | D:8      | Reached skill level 6 in Earth Magic
 10171 | D:8      | Reached skill level 7 in Earth Magic
 10401 | D:8      | Found a shimmering blue altar of Sif Muna.
 10403 | D:8      | Noticed Joseph
 10414 | D:8      | Killed Joseph
 10415 | D:8      | Reached skill level 8 in Earth Magic
 10629 | D:8      | Reached *** piety under Okawaru
 10840 | D:8      | Reached skill level 9 in Earth Magic
 10927 | D:8      | Found a burning altar of Makhleb.
 11671 | D:9      | Reached skill level 1 in Conjurations
 11834 | D:9      | Identified the +7 falchion of Guilt {vorpal, Dex+7}
 12167 | D:9      | Found a staircase to the Orcish Mines.
 12285 | D:9      | Reached skill level 10 in Earth Magic
 12529 | D:9      | Noticed a two-headed ogre
 12536 | D:9      | Killed a two-headed ogre
 12536 | D:9      | Reached **** piety under Okawaru
 12537 | D:9      | Reached XP level 11. HP: 55/69 MP: 13/19
 12558 | D:9      | Noticed a two-headed ogre
 12569 | D:9      | Killed a two-headed ogre
 12570 | D:9      | Reached skill level 5 in Conjurations
 13079 | D:10     | Entered Level 10 of the Dungeon
 13541 | D:10     | Noticed a death yak
 13556 | D:10     | Killed a death yak
 13745 | D:10     | Found a staircase to the Lair.
 13746 | D:10     | Noticed a death yak
 13746 | D:10     | Noticed a death yak
 13756 | D:10     | Noticed a death yak
 13756 | D:10     | Noticed a death yak
 13811 | D:10     | Killed a death yak
 13811 | D:10     | Reached ***** piety under Okawaru
 13819 | D:10     | Killed a death yak
 13881 | D:10     | Killed a death yak
 14054 | D:9      | Killed a death yak
 14054 | D:9      | Received a gift from Okawaru
 14055 | D:9      | Reached skill level 5 in Maces & Flails
 14662 | D:11     | Noticed a cyclops
 14667 | D:11     | Killed a cyclops
 14740 | D:11     | Noticed an eight-headed hydra
 14751 | D:11     | Killed an eight-headed hydra
 14757 | D:11     | Noticed a cyclops
 14904 | D:11     | Killed a cyclops
 14972 | D:11     | Noticed a manticore
 14978 | D:11     | Killed a manticore
 15205 | D:11     | Reached XP level 12. HP: 75/75 MP: 9/20
 15694 | Lair:1   | Entered Level 1 of the Lair of Beasts
 15735 | Lair:1   | Found a runed translucent gate.
 15842 | Lair:1   | Found a runed translucent gate.
 15843 | Lair:1   | Found a runed translucent gate.
 15844 | Lair:1   | Noticed Kinoniko's ghost (journeyman DrBe)
 16823 | Lair:1   | Noticed Fannar
 16838 | Lair:1   | Killed Fannar
 16970 | Lair:1   | Noticed Gastronok
 16992 | Lair:1   | Killed Gastronok
 16992 | Lair:1   | Identified the +1 helmet of Pegizimy {rPois Dex+4} (Okawaru
                  | gifted it to you on level 1 of the Lair of Beasts)
 16992 | Lair:1   | Received a gift from Okawaru
 17692 | Lair:2   | Reached skill level 1 in Shields
 17778 | Lair:2   | Noticed a four-headed hydra
 17784 | Lair:2   | Killed a four-headed hydra
 17932 | Lair:2   | Noticed Maggie
 17941 | Lair:2   | Killed Maggie
 18107 | Lair:2   | Found a staircase to the Swamp.
 18107 | Lair:2   | Noticed a five-headed hydra
 18392 | Lair:2   | Killed a five-headed hydra
 18393 | Lair:2   | Reached skill level 10 in Conjurations
 18431 | Lair:2   | Reached skill level 10 in Maces & Flails
 19118 | Lair:3   | Reached skill level 5 in Shields
 19118 | Lair:3   | Reached XP level 13. HP: 80/80 MP: 12/21
 19385 | Lair:3   | Reached skill level 11 in Earth Magic
 19393 | Lair:3   | Received a gift from Okawaru
 19865 | Lair:2   | Reached skill level 12 in Earth Magic
 19961 | Lair:3   | Noticed Josephine
 20075 | Lair:3   | Found a hole to the Spider Nest.
 20565 | Lair:3   | Killed Josephine
 20886 | Lair:3   | Reached skill level 13 in Earth Magic
 21378 | Lair:3   | Received a gift from Okawaru
 21827 | Lair:4   | Reached ****** piety under Okawaru
 22167 | Lair:3   | Reached skill level 14 in Earth Magic
 22865 | Lair:4   | Found a broken altar of Ashenzari.
 23306 | Lair:5   | Entered Level 5 of the Lair of Beasts
 23388 | Lair:5   | Gained mutation: Your large and strong wings let you fly.
                  | [Gargoyle growth]
 23388 | Lair:5   | Reached XP level 14. HP: 71/84 MP: 3/22
 23807 | Lair:5   | Reached skill level 15 in Earth Magic
 24410 | Lair:5   | Reached skill level 10 in Poison Magic
 24763 | Lair:5   | Identified the +0 chain mail "Efetytz" {rElec Int+6}
                  | (Okawaru gifted it to you on level 5 of the Lair of Beasts)
 24763 | Lair:5   | Received a gift from Okawaru
 24764 | Lair:5   | Reached skill level 16 in Earth Magic
 25138 | Lair:5   | Found a staircase to the Slime Pits.
 26223 | Lair:5   | Identified the +4 long sword "Impslayer" {pain, rElec rC+}
                  | (Okawaru gifted it to you on level 5 of the Lair of Beasts)
 26223 | Lair:5   | Received a gift from Okawaru
 26597 | Lair:5   | Reached XP level 15. HP: 89/89 MP: 24/27
 27542 | Orc:1    | Entered Level 1 of the Orcish Mines
 28073 | Orc:2    | Entered Level 2 of the Orcish Mines
 28073 | Orc:2    | Found a staircase to the Elven Halls.
 28873 | Orc:2    | Paralysed by an orc sorcerer for 4 turns
 28904 | Orc:2    | HP: 3/89 [orc priest/divine providence (11)]
 29751 | Orc:2    | Found Ham Tur's Jewellery Shop.
 30106 | Orc:2    | Received a gift from Okawaru
 30371 | Orc:2    | Found Dyceal's General Store.
 30378 | Orc:2    | Found Qufe's Book Emporium.
 30380 | Orc:2    | Found Ajoint's Antique Armour Shop.
 30549 | Orc:2    | Bought a manual of Armour for 1200 gold pieces
 30559 | Orc:2    | Bought a scroll of teleportation for 39 gold pieces
 30559 | Orc:2    | Bought a scroll of identify for 26 gold pieces
 30559 | Orc:2    | Bought a potion of invisibility for 104 gold pieces
 31047 | D:12     | Annihilated by a very large slime creature

Illustrated notes

Levels and vault maps discovered:
D:1:      wander_arrival_peaceful_grave, layout_basic, palyth_stone_intersect
D:2:      minmay_roachtagon, layout_basic, grunt_ministairs_10, minivault_14
D:3:      layout_rooms, uniq_jessica, uniq_sigmund
D:4:      kennysheep_six_static_rooms, layout_cave_pods, kennysheep_mini_moat,
          uniq_edmund
D:5:      layout_cave_pools, chequers_temple_overflow_minitemple,
          nicolae_eternal_life, hangedman_decor_peaks_small, corner_web_ring
D:6:      layout_rooms, temple_green
D:7:      layout_loops_ring, enter_bailey_3, lightli_orcish_oven, uniq_duvessa
D:8:      layout_cave_pools, lemuel_round_altar, old_standard_altar,
          amcnicky_mini_rare_corridor_liquid, minmay_between, uniq_joseph,
          uniq_pikel, uniq_prince_ribbit1
D:9:      layout_irregular_city, david_orc_1_choice, minmay_parallelograms
D:10:     layout_roguey, dpeg_lair_monsters, nicolae_wand_duel
D:11:     layout_rooms
D:12:     layout_loops_ring, introduction_to_nature_2
Temple:   nicolae_temple_bog_church
Lair:1:   beast_lair_carwin_large_2, layout_cave_pods,
          gammafunk_ghost_necromancy, uniq_fannar, uniq_gastronok
Lair:2:   layout_chaotic_city, minmay_swamp_entry_reptiles,
          infiniplex_staircase_pool_2, uniq_maggie
Lair:3:   layout_long_grid, nicolae_spider_entry_non_spiders,
          grunt_megastairs_3, lemuel_fruit_tree, uniq_josephine
Lair:4:   layout_misc_corridors, basic_altar
Lair:5:   evilmike_catoblepas_cave, layout_misc_corridors, slime_entry_1,
          small_statue_intersection, nicolae_lair_lindhole, grunt_megastairs_5
Orc:1:    layout_caves, basic_altar
Orc:2:    st_orc_elflike, layout_caves

Skill      XL: |  1  2  3  4  5  6  7  8  9 10 11 12 13 14 15 |
---------------+----------------------------------------------+-----
Poison Magic   | 4 5 7 9 10 | 10.7
Fighting       | 2 4 6 8 |  8.9
Armour         | 1 3 4 6 9 |  9.9
Spellcasting   | 3 4 5 8 9 |  9.0
Earth Magic    | 5 10 14 16 | 16.8
Conjurations   | 4 8 10 | 10.2
Maces & Flails | 7 10 | 10.1
Shields        | 5 |  5.1
Dodging        | |  1.5
Stealth        | |  2.1
Transmutations | |  0.7

Action                   |  1- 3 |  4- 6 |  7- 9 | 10-12 | 13-15 || total
-------------------------+-------+-------+-------+-------+-------++-------
Melee: Unarmed           |    47 |    21 |       |       |       ||    68
       Dagger            |       |    25 |     3 |       |       ||    28
       Flail             |       |       |   266 |   100 |   345 ||   711
       Punch             |       |       |     2 |       |       ||     2
       Kick              |       |       |    15 |    12 |       ||    27
 Cast: Sting             |    71 |    61 |    33 |    48 |       ||   213
       Olgreb's Toxic Ra |       |     3 |    26 |    43 |    60 ||   132
       Mephitic Cloud    |       |     5 |     1 |     4 |     1 ||    11
       Stone Arrow       |       |       |     2 |   194 |   378 ||   574
  Use: Scroll            |     1 |       |    10 |     8 |     9 ||    28
       Potion            |       |       |    11 |       |     3 ||    14
 Stab: Confused          |       |     1 |       |     2 |       ||     3
       Sleeping          |       |       |     1 |     1 |       ||     2
       Petrified         |       |       |       |       |     4 ||     4
       Petrifying        |       |       |       |       |     1 ||     1
Armor: Robe              |    50 |    37 |   228 |   187 |   274 ||   776
       Chain mail        |       |       |       |       |   262 ||   262
Dodge: Dodged            |    43 |    51 |   273 |   186 |   275 ||   828
Block: Buckler           |       |       |       |    12 |   156 ||   168

Table legend: (Time is in decaauts)
 A = Elapsed time spent in this place.
 B = Non-inter-level travel time spent in this place.
 C = Inter-level travel time spent in this place.
 D = Time resting spent in this place.
 E = Time spent auto-exploring this place.
 F = Levels seen in this place.
 G = Mean time per level.
                   A        B        C        D        E       F      G
               +--------+--------+--------+--------+--------+-----+--------+
         Total |  31197 |  29523 |   1674 |   7945 |  17603 |  20 | 1559.8 |
       Dungeon |  16338 |  15328 |   1010 |   2739 |  10468 |  12 | 1361.5 |
        Temple |     10 |      1 |      9 |      0 |      0 |   1 |   10.0 |
          Lair |  11779 |  11332 |    447 |   3542 |   6311 |   5 | 2355.8 |
  Orcish Mines |   3069 |   2862 |    207 |   1664 |    824 |   2 | 1534.5 |
               +--------+--------+--------+--------+--------+-----+--------+

Top non-repeatable levels by time:
  Lair:5: 3190 daAuts
     D:2: 2659 daAuts
  Lair:2: 2471 daAuts
  Lair:1: 2095 daAuts
     D:9: 2063 daAuts
  Lair:4: 2047 daAuts
  Lair:3: 1974 daAuts
   Orc:2: 1633 daAuts
     D:4: 1556 daAuts
     D:8: 1522 daAuts
     D:1: 1447 daAuts
     D:7: 1436 daAuts
   Orc:1: 1435 daAuts
     D:6: 1338 daAuts
    D:10: 1282 daAuts
